 Dungeon Crawl Stone Soup version 0.30-a0-779-g7971cf19c3 (webtiles) character file.

Game seed: 9923402005985347770

23 dolemite99 the Magician (level 3, 0/28 HPs)
             Began as a Djinni Hedge Wizard on Feb 18, 2023.
             Slain by a jackal (2 damage)
             ... on level 1 of the Dungeon.
             The game lasted 00:00:45 (710 turns).

dolemite99 the Magician (Djinni Hedge Wizard)        Turns: 710, Time: 00:00:46

Health: 0/28       AC:  2    Str:  9    XL:     3   Next: 10%
Gold:   47         EV: 12    Int: 17    God:
                   SH:  0    Dex: 12

rFire   + + .      SeeInvis .    a - +0 dagger
rCold   x . .      Faith    .    (no shield)
rNeg    . . .      Spirit   .    b - +0 robe
rPois   ∞          Reflect  .    c - +0 hat
rElec   .          Harm     .    (no cloak)
rCorr   .          Rampage  .    (no gloves)
Will    .....                    (boots unavailable)
Stlth   ++                       (no amulet)
HPRegen 0.24/turn                (no ring)
MPRegen 0.00/turn                (no ring)

@: brilliant, flying, very slightly contaminated
A: sickness immunity, fire resistance 2, cold vulnerability 1, float, innate
caster, HP casting, extra vitality 1
a: no special abilities


You were on level 1 of the Dungeon.
You visited 1 branch of the dungeon, and saw 1 of its levels.

You collected 47 gold pieces.

Inventory:

Hand Weapons
 a - a +0 dagger (weapon)
Missiles
 d - 2 throwing nets
 f - 8 boomerangs
Armour
 b - a +0 robe (worn)
 c - a +0 hat (worn)


   Skills:
 * Level 2.0 Fighting
 - Level 2.1 Dodging
 - Level 1.5 Stealth
 + Level 2.6 Spellcasting


You couldn't memorise any spells.
You knew the following spells:

 Your Spells              Type           Power      Damage    Failure   Level
a - Magic Dart            Conj           68%        1d6       6%          1
b - Slow                  Hex            68%        N/A       6%          1
c - Blink                 Tloc           34%        N/A       9%          2
d - Call Imp              Summ           17%        N/A       9%          2
e - Mephitic Cloud        Conj/Pois/Air  17%        N/A       19%         3
f - Freeze                Ice            68%        1d8       6%          1
Your spell library was empty.

Dungeon Overview and Level Annotations

Branches:
Dungeon (1/15)

Altars:


Innate Abilities, Weirdness & Mutations

You are immune to sickness and miasma.
You are immune to poison.
Your flesh is very heat resistant. (rF++)
You are vulnerable to cold. (rC-)
You float through the air rather than walking.
You learn spells naturally, not from books.
Your magical power is your life essence.
You have superior vitality. (+4 MHP)


Message History

* * * LOW HITPOINT WARNING * * *
You hear a bark!
You hear a shout!
The jackal misses you. The endoplasm freezes you.
You are frozen.
* * * LOW HITPOINT WARNING * * *
Casting: Magic Dart (safe; 6% risk of failure)
Confirm with . or Enter, or press ? or * to list all spells.
Aiming: Magic Dart (safe; 6% risk of failure)
Press: ? - help, Shift-Dir - straight line, f/p - endoplasm
Aim: an endoplasm (heavily wounded, 100% to hit)
You miscast Magic Dart.
Nothing appears to happen.
* * * LOW HITPOINT WARNING * * *
The jackal closely misses you.
A jackal comes into view.
The endoplasm freezes you.
You are frozen.
* * * LOW HITPOINT WARNING * * *
Casting: Magic Dart (safe; 6% risk of failure)
Confirm with . or Enter, or press ? or * to list all spells.
Aiming: Magic Dart (safe; 6% risk of failure)
Press: ? - help, Shift-Dir - straight line, f/p - endoplasm
Aim: an endoplasm (heavily wounded, 100% to hit)
The magic dart hits the endoplasm.
The endoplasm is almost dead.
* * * LOW HITPOINT WARNING * * *
The jackal barely misses you. The endoplasm hits you.
* * * LOW HITPOINT WARNING * * *
It was a potion of brilliance.
You feel clever all of a sudden.
The jackal bites you but does no damage.
The jackal bites you.
* * * LOW HITPOINT WARNING * * *
As you read the scroll labelled FOATWY WYAZA, it crumbles to dust.
It is a scroll of identify.
You don't currently have any unidentified items.
The jackal barely misses you. The jackal bites you.
* * * LOW HITPOINT WARNING * * *
The jackal bites you.
You die...

#########†..#.#. #.#.#.#.
#####.#..... ########
#...#.###### . #......# #.#...#
... #.####.# #.#####
.#...#.####.### #.#
.........).h..###################
.#.###.######..#@8.8.8.8.8.8.8.8.
... ##Jhh................ ####
###.8.♣.♣.8.♣.8.8.♣.
################## #.......
######.# #.. ###


You could see an endoplasm and 2 jackals.

Vanquished Creatures
  2 ball pythons (D:1)
  2 endoplasms (D:1)
  2 giant cockroaches (D:1)
  A goblin (D:1)
  A hobgoblin (D:1)
  6 bats (D:1)
  2 kobolds (D:1)
  3 rats (D:1)
19 creatures vanquished.

Notes
Turn   | Place    | Note
-------+----------+-------------------------------------------
     0 | D:1      | dolemite99 the Djinni Hedge Wizard began the quest for the
                  | Orb.
     0 | D:1      | dolemite99 set off with the following spells memorised:
                  | Magic Dart, Slow, Blink, Call Imp, Mephitic Cloud.
     0 | D:1      | Reached XP level 1. HP: 15/15 MP: 0/0
   134 | D:1      | Reached skill level 1 in Fighting
   134 | D:1      | Reached XP level 2. HP: 17/22 MP: 0/0
   692 | D:1      | Reached XP level 3. HP: 18/28 MP: 0/0
   692 | D:1      | Learned a level 1 spell: Freeze
   710 | D:1      | Slain by a jackal

Illustrated notes

Levels and vault maps discovered:
D:1:      dpeg_arrival_subterranean_lakeside_camping, layout_basic,
          minmay_misc_feat_pillars, corexii_hall_statues_x,
          minmay_misc_feat_ornament, chequers_avenue, roderic_roman_lattice,
          dreamdust_mushroom_princess

Skill      XL: |  1  2  3 |
---------------+----------+-----
Fighting       | 1 2 |  2.0
Dodging        | |  2.1
Stealth        | |  1.5
Spellcasting   | |  2.6

Action                     || total
---------------------------++-------
  Melee: Dagger            ||    22
   Cast: Magic Dart        ||    45
    Use: Scroll            ||     1
         Potion            ||     1
 Armour: Robe              ||    10
  Dodge: Dodged            ||    26

Table legend: (Time is in decaauts)
 A = Elapsed time spent in this place.
 B = Non-inter-level travel time spent in this place.
 C = Inter-level travel time spent in this place.
 D = Time resting spent in this place.
 E = Time spent auto-exploring this place.
 F = Levels seen in this place.
 G = Mean time per level.
                   A        B        C        D        E       F      G
               +--------+--------+--------+--------+--------+-----+--------+
         Total |    710 |    710 |      0 |      0 |    592 |   1 |  710.0 |
       Dungeon |    710 |    710 |      0 |      0 |    592 |   1 |  710.0 |
               +--------+--------+--------+--------+--------+-----+--------+

Top non-repeatable levels by time:
     D:1: 710 daAuts
